 Dungeon Crawl Stone Soup version 0.28-a0-1594-ga885d4b3d6 (webtiles) character file.

Game seed: 12142128861232924122

5417 kae the Grappler (level 10, -9/99 HPs)
             Began as a White Draconian Transmuter on Jan 20, 2022.
             Was an Initiate of Ru.
             Mangled by a yak (14 damage)
             ... on level 9 of the Dungeon.
             The game lasted 00:11:24 (13209 turns).

kae the Grappler (White Draconian Transmuter)      Turns: 13209, Time: 00:11:25

Health: -9/99      AC:  7    Str: 14    XL:     10   Next: 40%
Magic:  16/18      EV: 11    Int: 15    God:    Ru [......]
Gold:   1174       SH:  5    Dex: 13    Spells: 11/19 levels left

rFire   x . .      SeeInvis +     - Unarmed
rCold   + + +      Faith    .   (shield currently unavailable)
rNeg    . . .      Spirit   .   (armour unavailable)
rPois   +          Reflect  +   (helmet currently unavailable)
rElec   .          Harm     .   (cloak currently unavailable)
rCorr   .          Rampage  .   (gloves currently unavailable)
Will    .....                   (boots currently unavailable)
Stlth   +.........              D - amulet of reflection
HPRegen 0.26/turn               v - ring of see invisible
MPRegen 0.16/turn               y - ring of protection from cold

@: ice-form
A: freezing attack, amphibious, boosted hp, (breathe frost), AC +7, large,
unfitting armour, (cold resistance 1), (cold-blooded)
a: End Transformation, Renounce Religion


You were on level 9 of the Dungeon.
You worshipped Ru.
Ru was noncommittal.
You were a creature of crystalline ice.
You visited 2 branches of the dungeon, and saw 10 of its levels.
You also visited: Sewer and Ossuary.

You collected 1251 gold pieces.
You spent 77 gold pieces at shops.

Inventory:

Armour
 p - the +2 hood of the Assassin (melded) {Detection Stab+ Stlth++}
   (You found it on level 5 of the Dungeon)

   It allows the wearer to sense nearby creatures.
   It allows the wearer to make particularly effective stabbing attacks against
   helpless or unaware enemies with any weapon.
   Stlth:     It makes you much more stealthy.
Jewellery
 f - an amulet of the acrobat
 o - a ring of protection from fire
 v - a ring of see invisible (left front paw)
 y - a ring of protection from cold (right front paw)
 D - an amulet of reflection (around neck)
Wands
 a - a wand of flame (35)
 i - a wand of iceblast (7)
 n - a wand of polymorph (9)
Scrolls
 d - 5 scrolls of fog
 h - 5 scrolls of teleportation
 j - 4 scrolls of enchant weapon
 l - 4 scrolls of fear
 t - a scroll of summoning
 w - a scroll of amnesia
 B - a scroll of vulnerability
 C - a scroll of enchant armour
Potions
 b - 2 potions of degeneration
 c - 4 potions of lignification
 e - 7 potions of curing
 g - a potion of brilliance
 k - 2 potions of invisibility
 m - a potion of might
 q - 2 potions of flight
 r - 2 potions of berserk rage
 s - a potion of mutation {unknown}
 u - 3 potions of attraction
 x - 2 potions of haste
 z - a potion of ambrosia {unknown}
 A - a potion of heal wounds


   Skills:
 + Level 6.0 Fighting
 + Level 5.2 Dodging
 * Level 8.3 Unarmed Combat
 + Level 5.4 Spellcasting
 * Level 8.0 Transmutations
 - Level 6.0 Ice Magic
 - Level 2.0 Poison Magic


You had 11 spell levels left.
You knew the following spells:

 Your Spells              Type           Power      Damage    Failure   Level
a - Beastly Appendage     Tmut           56%        N/A       1%          1
b - Spider Form           Tmut/Pois      19%        N/A       6%          3
c - Ice Form              Ice/Tmut       25%        N/A       9%          4

Your spell library contained the following spells:

 Spells                   Type           Power      Damage    Failure   Level
 Wereblood                Tmut           28%        N/A       1%          2
 Ozocubu's Armour         Ice            22%        N/A       4%          3
 Animate Skeleton         Necr           8%         N/A       16%         1
 Apportation              Tloc           8%         N/A       16%         1
 Summon Small Mammal      Summ           16%        N/A       16%         1
 Gell's Gravitas          Tloc           4%         N/A       43%         3
 Lesser Beckoning         Tloc           4%         N/A       43%         3
 Teleport Other           Tloc           4%         N/A       43%         3
 Olgreb's Toxic Radiance  Pois           10%        N/A       56%         4
 Metabolic Englaciation   Hex/Ice        6%         N/A       77%         5
 Simulacrum               Ice/Necr       6%         N/A       100%        6
 Ozocubu's Refrigeration  Ice            11%        4d7       100%        7
 Ignition                 Fire           2%         3d3       100%        8


Dungeon Overview and Level Annotations

Branches:
Dungeon (9/15)             Temple (1/1) D:7           Sewer (visited)
Ossuary (visited)
   Lair: D:8-11         Orc: D:9-12

Altars:
Ashenzari
Cheibriados
Dithmenos
Elyvilon
Fedhas
Gozag
Hepliaklqana
Kikubaaqudgha
Makhleb
Nemelex Xobeh
Okawaru
Qazlal
Ru
Sif Muna
Trog
Uskayaw
Vehumet
Wu Jian
Xom
Yredelemnul
Zin
The Shining One

Shops:
D:3 ?   D:8 *


Innate Abilities, Weirdness & Mutations

You are a creature of crystalline ice.
You have a powerful freezing melee attack.
You are amphibious.
Your maximum health is increased.
Your armour is entirely melded.
You are incapable of wielding weapons or throwing items.
((You can breathe waves of freezing cold which knock back foes.))
((Your icy white scales are hard. (AC +7)))
You cannot fit into any form of body armour.
((Your flesh is cold resistant. (rC+)))
((You are cold-blooded and may be slowed by cold attacks.))


Message History

You hit the yak but do no damage.
The yak is severely wounded.
The yak gores you. The yak barely misses you. The yak gores you!
You are too injured to fight recklessly!
You are too injured to fight recklessly!
You are too injured to fight recklessly!
You are too injured to fight recklessly!
You punch the yak! You freeze the yak.
You kill the yak!
You block the yak's attack. x2
Your Transmutations skill increases to level 8!
The yak gores you!
You hit the yak. You freeze the yak.
The yak is lightly wounded.
The yak gores you!
* * * LOW HITPOINT WARNING * * *
The yak gores you but does no damage.
You hit the yak. You freeze the yak.
The yak is moderately wounded.
You punch the yak! You freeze the yak.
The yak is severely wounded.
The yak gores you!
* * * LOW HITPOINT WARNING * * *
The yak gores you!
* * * LOW HITPOINT WARNING * * *
You hit the yak. You freeze the yak.
The yak is severely wounded.
The yak completely misses you. The yak gores you.
* * * LOW HITPOINT WARNING * * *
You pummel the yak!! You freeze the yak.
You kill the yak!
The yak completely misses you.
Your Fighting skill increases to level 6!
You punch the yak! You freeze the yak.
The yak is heavily wounded.
The yak closely misses you.
You punch the yak! You freeze the yak.
The yak is almost dead.
The yak gores you!
You die...

.D##.[##...#.<...#
####'##
.##.K###..#####+##
#.# .#..O##..##
#.# ...F###.## #.#
=####..##+######
#.#
####...........#
#.#
##.............#
#.#
.....#..........#
#.#
...#.#.....Y.<..#
...#.#...†Y.....#
.. #..........# .
#....../...# #
#..........+
#......>...#
+..........#
#..........#
#..........#


You could see a two-headed ogre, a yak and a kobold brigand.

Vanquished Creatures
  A komodo dragon (D:5)
  6 yaks
  Menkaure (D:4)
  2 orc warriors (D:8)
  2 hornet zombies (Ossuary)
  An ice beast (D:6)
  4 black bears
  2 necrophages
  2 sky beasts (D:7)
  3 ogres
  3 centaurs
  A phantom (D:4)
  5 bullfrogs
  A scorpion (D:6)
  3 wyvern zombies
  2 water moccasin zombies (Ossuary)
  3 water moccasin skeletons (D:5)
  3 howler monkeys
  A bullfrog zombie (Ossuary)
  4 centaur zombies
  2 hounds (D:4)
  4 bullfrog skeletons (D:5)
  4 jellies
  An orc priest (D:8)
  A centaur skeleton (D:7)
  Ijyb (D:5)
  Jessica (D:2)
  2 iguanas (D:6)
  10 orc wizards
  A killer bee zombie (Ossuary)
  2 hound skeletons
  14 mummies (Ossuary)
  5 howler monkey zombies
  8 adders
  5 river rats (Sewer)
  3 shadow imps
  3 white imps
  3 ufetubi
  An adder zombie (D:5)
  3 adder skeletons (D:4)
  3 worms
  3 dart slugs
  25 orcs
  12 ball pythons
  9 endoplasms
  3 giant cockroaches
  7 goblins
  5 hobgoblins
  3 quokkas
  8 bats
  2 frilled lizards
  7 kobolds
  27 rats
238 creatures vanquished.

Vanquished Creatures (others)
  2 plants (D:5)
  9 withered plants (Ossuary)
11 creatures vanquished.

Grand Total: 249 creatures vanquished

Notes
Turn   | Place    | Note
-------+----------+-------------------------------------------
     0 | D:1      | kae the Draconian Transmuter began the quest for the Orb.
     0 | D:1      | Reached XP level 1. HP: 16/16 MP: 3/3
   195 | D:1      | Reached XP level 2. HP: 23/23 MP: 3/5
   653 | D:1      | Found a faded altar of an unknown god.
   980 | D:1      | Reached XP level 3. HP: 25/28 MP: 4/6
   984 | D:1      | Learned a level 3 spell: Spider Form
  1781 | D:2      | Noticed Jessica
  1787 | D:2      | Killed Jessica
  1788 | D:2      | Reached XP level 4. HP: 36/36 MP: 5/7
  2170 | D:3      | Found Seirustro's Magic Scroll Boutique.
  2224 | D:3      | Bought a scroll of magic mapping for 49 gold pieces
  2224 | D:3      | Bought a scroll of identify for 28 gold pieces
  2289 | D:3      | Reached skill level 1 in Poison Magic
  2765 | D:3      | Noticed an ogre
  2781 | D:3      | Killed an ogre
  2782 | D:3      | Reached XP level 5. HP: 32/41 MP: 4/8
  2925 | D:3      | Identified a scroll of acquirement
  2925 | D:3      | Acquired 769 gold pieces
  3112 | D:4      | Noticed a phantom
  3126 | D:3      | Learned a level 4 spell: Ice Form
  3480 | D:4      | Killed a phantom
  3481 | D:4      | Reached XP level 6. HP: 38/49 MP: 5/10
  3639 | D:4      | HP: 2/49 [acid (8)]
  4128 | D:4      | Reached skill level 1 in Ice Magic
  4327 | D:4      | Noticed Menkaure
  4342 | D:4      | Killed Menkaure
  4343 | D:4      | Your scales start taking on an icy white colour.
  4343 | D:4      | Reached XP level 7. HP: 30/56 MP: 7/11
  4343 | D:4      | Gained mutation: Your flesh is cold resistant. (rC+) [White
                  | Draconian growth]
  4575 | D:5      | Entered Level 5 of the Dungeon
  4879 | D:5      | Reached skill level 5 in Unarmed Combat
  4891 | D:5      | Found a glowing drain.
  4979 | Sewer    | Entered a sewer
  5735 | Sewer    | Reached XP level 8. HP: 45/63 MP: 9/13
  5952 | D:5      | Found the +2 hood of the Assassin {Detection Stab+ Stlth++}
  5974 | D:5      | Noticed Ijyb
  5981 | D:5      | Killed Ijyb
  6141 | D:5      | Reached skill level 5 in Transmutations
  6631 | D:5      | Noticed a komodo dragon
  7108 | D:5      | Reached skill level 5 in Ice Magic
  7242 | D:5      | Killed a komodo dragon
  7536 | D:5      | Reached XP level 9. HP: 71/71 MP: 10/15
  9208 | D:7      | Found a blossoming altar of Fedhas.
  9609 | D:7      | Found a staircase to the Ecumenical Temple.
  9627 | D:7      | Reached skill level 5 in Fighting
  9633 | Temple   | Entered the Ecumenical Temple
  9998 | Temple   | Became a worshipper of Ru the Awakened
 10683 | D:8      | Found a sand-covered staircase.
 10895 | Ossuary  | Entered an ossuary
 10999 | Ossuary  | Reached skill level 5 in Spellcasting
 11115 | Ossuary  | Reached XP level 10. HP: 54/81 MP: 12/17
 11871 | D:8      | Found Huigh's General Store.
 12198 | D:8      | Reached skill level 5 in Dodging
 13179 | D:9      | Noticed a four-headed hydra
 13182 | D:9      | Noticed a two-headed ogre
 13209 | D:9      | Mangled by a yak

Illustrated notes

Levels and vault maps discovered:
D:1:      saegor_arrival_simple_a, layout_loops_ring,
          ebering_ecumenical_altar_abandoned
D:2:      layout_loops_ring, uniq_jessica
D:3:      layout_rooms, serial_shops, nicolae_shop_waterfront,
          kennysheep_generic_room_7
D:4:      layout_loops_cross, uniq_menkaure
D:5:      kennysheep_windowed_halls, layout_loops_ring, portal_sewer_entry_d,
          guppyfry_early_lair_pool, uniq_ijyb
D:6:      minmay_skewed_foursquare, layout_basic
D:7:      layout_cave_pods, mainiacjoe_overflow_24_doors,
          minmay_temple_entry_statues_pillars
D:8:      layout_basic, serial_shops, nicolae_take_the_stairs, enter_ossuary_5
D:9:      layout_roguey, minmay_mirror_moons_of_madness
Temple:   regret_index_temple_sigil_plot

Skill      XL: |  1  2  3  4  5  6  7  8  9 10 |
---------------+-------------------------------+-----
Dodging        | 2 3 4 5 |  5.2
Poison Magic   | 1 2 |  2.0
Transmutations | 3 4 5 7 8 |  8.0
Fighting       | 2 3 4 5 6 |  6.0
Unarmed Combat | 4 5 6 7 8 |  8.3
Ice Magic      | 2 3 5 6 |  6.0
Spellcasting   | 3 4 5 |  5.4

Action                   |  1- 3 |  4- 6 |  7- 9 | 10-12 || total
-------------------------+-------+-------+-------+-------++-------
Melee: Unarmed           |   120 |   121 |   447 |   112 ||   800
       Headbutt          |     9 |     8 |     2 |       ||    19
       Kick              |    20 |    17 |     1 |       ||    38
       Tailslap          |    13 |     6 |     9 |       ||    28
       Punch             |     1 |     2 |       |     3 ||     6
 Cast: Beastly Appendage |    28 |    19 |     2 |       ||    49
       Spider Form       |       |     5 |    17 |       ||    22
       Ice Form          |       |     2 |    31 |    16 ||    49
Invok: Reject Sacrifices |       |       |       |     1 ||     1
  Use: Scroll            |     2 |     7 |    15 |     3 ||    27
       Potion            |       |     1 |       |       ||     1
 Stab: Sleeping          |     1 |       |       |       ||     1
       Distracted        |       |       |     1 |     1 ||     2
Armor: Skin              |    49 |    30 |   108 |    29 ||   216
Dodge: Dodged            |   104 |    73 |   391 |    55 ||   623
Block: Other             |       |       |       |    15 ||    15

Table legend: (Time is in decaauts)
 A = Elapsed time spent in this place.
 B = Non-inter-level travel time spent in this place.
 C = Inter-level travel time spent in this place.
 D = Time resting spent in this place.
 E = Time spent auto-exploring this place.
 F = Levels seen in this place.
 G = Mean time per level.
                   A        B        C        D        E       F      G
               +--------+--------+--------+--------+--------+-----+--------+
         Total |  13213 |  12782 |    431 |    958 |   9830 |  12 | 1101.1 |
       Dungeon |  11064 |  10668 |    396 |    753 |   8340 |   9 | 1229.3 |
        Temple |    388 |    354 |     34 |      0 |    333 |   1 |  388.0 |
         Sewer |    959 |    959 |      0 |     90 |    630 |   1 |  959.0 |
       Ossuary |    800 |    800 |      0 |    115 |    527 |   1 |  800.0 |
               +--------+--------+--------+--------+--------+-----+--------+

Top non-repeatable levels by time:
     D:5: 2376 daAuts
     D:8: 1690 daAuts
     D:6: 1267 daAuts
     D:4: 1211 daAuts
     D:3: 1189 daAuts
     D:2: 1105 daAuts
     D:1: 1061 daAuts
     D:7: 961 daAuts
   Sewer: 959 daAuts
 Ossuary: 800 daAuts
  Temple: 388 daAuts
     D:9: 200 daAuts
